AoeStats
← u.rubiomartin

African Clearing

506466238Analyzed
3v3 RM · 18d ago on Sep 13, 2026· 57m 9s· 6 players
Game mode
Random Map
Map size
Normal (6 player)
Population
200
Speed
Normal
Resources
Standard
Victory
Conquest
Starting age
Dark Age
Ending age
Imperial Age
RankedLock teamsTeams togetherTeam positionsShared explorationLock speedFull tech treeHidden civsTurbo modeCheats
Victory
Defeat
🇪🇸 Jurchens · Spain
854
+11
🇪🇸 Romans · Spain
730
+15
🇪🇸 Teutons · Spain
644
+20
🇸🇰 Celts · Slovakia
757
-17
🇳🇱 Huns · Netherlands
714
-15
🇨🇿 Britons · Czechia
686
-14
u.rubiomartin
6:00 Loom
15:32 Feudal Age
15:55 Horse Collar
16:02 Double-Bit Axe
17:09 Wheelbarrow
16:25 Town Watch
19:05 Gold Mining
19:06 Stone Mining
19:56 Man-at-Arms
20:22 Arson
21:29 Forging
21:20 Scale Mail Armor
21:26 Scale Barding Armor
30:18 Castle Age
32:38 Stone Shaft Mining
32:16 Bow Saw
32:10 Heavy Plow
32:09 Pikeman
32:49 Squires
36:09 Hand Cart
37:08 Town Patrol
37:20 Gambesons
37:50 Bloodlines
40:06 Ballistics
40:16 Caravan
45:00 Imperial Age
45:23 Iron Casting
45:04 Chain Mail Armor
47:33 Two-Man Saw
47:07 Crop Rotation
47:05 Chain Barding Armor
47:46 Blast Furnace
48:09 Cavalier
49:29 Plate Barding Armor
49:28 Plate Mail Armor
50:13 Chemistry
50:58 Elite Teutonic Knight
55:29 Paladin
JJMartin
19:42 Feudal Age
17:58 Loom
20:49 Horse Collar
23:03 Gold Mining
26:09 Wheelbarrow
27:11 Double-Bit Axe
32:00 Forging
31:51 Scale Mail Armor
36:19 Castle Age
35:24 Man-at-Arms
36:22 Scale Barding Armor
36:23 Stone Mining
38:14 Squires
37:34 Long Swordsman
39:18 Hand Cart
40:43 Ballistics
41:17 Iron Casting
49:15 Imperial Age
49:03 Heavy Plow
49:23 Chain Mail Armor
50:28 Gold Shaft Mining
51:56 Chemistry
51:20 Siege Engineers
51:33 Caravan
55:24 Legionary
57:11 Ballistas
57:28 Conscription
Powa
7:27 Loom
14:21 Feudal Age
18:54 Wheelbarrow
18:36 Bloodlines
23:48 Castle Age
26:21 Double-Bit Axe
26:20 Horse Collar
28:01 Town Watch
29:34 Gold Mining
30:28 Scale Barding Armor
30:35 Forging
39:05 Chain Barding Armor
39:21 Iron Casting
39:46 Husbandry
46:02 Hand Cart
46:40 Heavy Plow
46:54 Bow Saw
52:08 Imperial Age
51:38 Murder Holes
55:31 Elite Iron Pagoda
Tarklow
8:08 Loom
13:22 Feudal Age
14:12 Double-Bit Axe
25:38 Castle Age
26:08 Forging
25:59 Scale Mail Armor
25:26 Man-at-Arms
26:45 Long Swordsman
28:17 Bow Saw
30:29 Gambesons
32:13 Loom
32:44 Horse Collar
34:46 Arson
36:08 Pikeman
47:25 Iron Casting
53:37 Imperial Age
53:19 Gold Mining
54:05 Two-Handed Swordsman
miroslav-havel
3:18 Loom
3:51 Loom
17:27 Feudal Age
18:44 Wheelbarrow
17:55 Town Watch
21:30 Double-Bit Axe
21:32 Horse Collar
28:06 Castle Age
30:42 Hand Cart
30:27 Town Patrol
31:53 Husbandry
33:44 Scale Mail Armor
33:55 Forging
33:53 Scale Barding Armor
34:40 Gold Mining
34:41 Stone Mining
35:23 Bow Saw
35:36 Gambesons
35:52 Squires
35:38 Arson
35:14 Man-at-Arms
36:15 Pikeman
39:44 Long Swordsman
43:12 Heavy Plow
52:04 Gold Shaft Mining
54:03 Imperial Age
53:06 Murder Holes
53:23 Fortified Wall
53:04 Guard Tower
53:25 Masonry
52:56 Treadmill Crane
54:48 Padded Archer Armor
54:39 Fletching
54:20 Cavalier
Testudo
13:50 Feudal Age
16:50 Bloodlines
18:27 Scale Barding Armor
22:02 Forging
28:54 Loom
29:45 Wheelbarrow
30:25 Town Watch
34:43 Double-Bit Axe
35:06 Horse Collar
39:42 Castle Age
Connection lost

Rejoining the realm…

Still unreachable

The connection could not be restored.

Session expired

The server has moved on; the page needs a fresh start.